 Dungeon Crawl Stone Soup version 0.29-a0-553-g81b289dbe5 (webtiles) character file.

Game seed: 12063699035023809464

280 Hubjo the Insei (level 6, 0/47 HPs)
             Began as a Demonspawn Transmuter on June 6, 2022.
             Was a Believer of Cheibriados.
             Slain by Eustachio
             ... wielding a +0 rapier
              (5 damage)
             ... on level 4 of the Dungeon.
             The game lasted 00:04:25 (3603 turns).

Hubjo the Insei (Demonspawn Transmuter)             Turns: 3603, Time: 00:04:29

Health: 0/47       AC:  0    Str: 15      XL:     6   Next: 5%
Magic:  10/10      EV: 19    Int: 18      God:    Cheibriados [**....]
Gold:   130        SH:  0    Dex: 20 (24) Spells: 5/10 levels left

rFire   . . .      SeeInvis .     - Unarmed
rCold   . . .      Faith    .   (shield currently unavailable)
rNeg    . . .      Spirit   .   (body armour currently unavailable)
rPois   .          Reflect  .   (helmet currently unavailable)
rElec   .          Harm     .   (cloak currently unavailable)
rCorr   .          Rampage  .   (gloves currently unavailable)
Will    .....                   (boots currently unavailable)
Stlth   ++........              (no amulet)
HPRegen 0.15/turn               (ring currently unavailable)
MPRegen 0.12/turn               (ring currently unavailable)

@: about to teleport, bat-form, attractive, flying
A: fast, flying, no casting, tiny, (claws 2), demonic magic 1
a: Renounce Religion, Bend Time


You were on level 4 of the Dungeon.
You worshipped Cheibriados.
Cheibriados was pleased with you.
You were a bat.
You visited 1 branch of the dungeon, and saw 4 of its levels.

You collected 130 gold pieces.

Inventory:

Hand Weapons
 g - the +3 falchion of the Hurtling Gods {drain, *Noise rCorr MP+9}
   (You found it on level 2 of the Dungeon)

   A truly terrible weapon, it drains the life of any living foe it strikes.
   MP:        It affects your magic capacity (+9).
   *Noise:    It may make noises in combat.
   rCorr:     It protects you from acid and corrosion.
Armour
 a - a +0 robe (melded)
 c - a +2 hat (melded)
Jewellery
 n - a +4 ring of evasion (melded)
Scrolls
 e - a scroll of teleportation
 h - a scroll of fog
 j - 3 scrolls of vulnerability
 k - a scroll of enchant weapon {unknown}
 m - a scroll of fear {unknown}
 p - a scroll of torment {unknown}
Potions
 b - a potion of lignification
 d - a potion of invisibility {unknown}
 f - 2 potions of attraction
 i - 2 potions of heal wounds {unknown}
 l - a potion of might {unknown}
 o - a potion of mutation {unknown}


   Skills:
 + Level 3.3 Fighting
 - Level 1.7 Dodging
 + Level 2.1 Stealth
 + Level 3.4 Unarmed Combat
 + Level 2.8 Spellcasting
 * Level 3.0 Transmutations
 + Level 0.3 Ice Magic


You had 5 spell levels left.
You knew the following spells:

 Your Spells              Type           Power      Damage    Failure   Level
a - Beastly Appendage     Tmut           26%        N/A       4%          1
b - Ice Form              Ice/Tmut       8%         N/A       63%         4

Your spell library contained the following spells:

 Spells                   Type           Power      Damage    Failure   Level
 Wereblood                Tmut           13%        N/A       7%          2
 Blink                    Tloc           4%         N/A       26%         2
 Spider Form              Tmut/Pois      8%         N/A       26%         3
 Lesser Beckoning         Tloc           2%         N/A       45%         3
 Manifold Assault         Tloc           2%         N/A       99%         5
 Summon Forest            Summ/Tloc      1%         N/A       99%         5
 Summon Mana Viper        Hex/Summ       2%         N/A       99%         5
 Summon Cactus Giant      Summ           1%         N/A       100%        6


Dungeon Overview and Level Annotations

Branches:
Dungeon (4/15)
 Temple: D:4-7

Altars:
Cheibriados

Shops:
D:1 :

Annotations:
D:4 Eustachio


Innate Abilities, Weirdness & Mutations

You are a bat.
You are tiny and dextrous.
You move quickly.
You are flying.
Your equipment is almost entirely melded.
You are incapable of wielding weapons or throwing items.
You cannot cast spells.
((You have very sharp fingernails.))
Spells you cast may paralyse adjacent enemies.


Message History

You scratch Eustachio. Your kick misses Eustachio.
Your headbutt misses Eustachio.
Eustachio is heavily wounded.
Your horns disappear.
Your talons disappear.
Your +2 hat unmelds from your body.
The quasit bites you but does no damage.
The quasit claws you but does no damage.
The quasit misses you. Eustachio barely misses you.
You scratch Eustachio.
Eustachio is heavily wounded.
The quasit bites you but does no damage.
The quasit barely misses you. The quasit claws you.
Eustachio zaps a wand.
You turn into a bat.
Your +2 hat melds into your body.
Your +0 robe melds into your body.
Your +4 ring of evasion melds into your body.
The quasit bites you.
You feel clumsy. The quasit misses you. The quasit closely misses you.
You hit Eustachio.
Eustachio is heavily wounded.
Eustachio gestures wildly while chanting.
The quasit misses you. x2; The quasit claws you.
You feel clumsy.
You are too injured to fight recklessly!
You are too injured to fight recklessly!
You can't do that in your present form.
As you read the scroll of teleportation, it crumbles to dust.
You feel strangely unstable. The bat hits you.
Eustachio hits you with a +0 rapier!
* * * LOW HITPOINT WARNING * * *
The quasit barely misses you. The quasit closely misses you.
The quasit completely misses you.
It was a potion of attraction.
You feel attractive to monsters. The quasit bites you.
* * * LOW HITPOINT WARNING * * *
You feel clumsy. The quasit barely misses you. The quasit closely misses you.
Eustachio hits you with a +0 rapier.
You die...

#.#..#........
#.####.###..##
#........#..#
#......#.#..#
#.####.#....#
..........#.####
#......#.#.....
##....b†.###.(
#.#..b..# #.
#.#.@r5.....#
#.#...#####
#.#..[# #.#...#
# #...# #...#
#...#


You could see Eustachio, a quasit (summoned), a bat (summoned) and a rat
(summoned).

Vanquished Creatures
  Sigmund (D:2)
  Jessica (D:2)
  5 adders
  6 ball pythons
  3 bats
  2 endoplasms
  2 giant cockroaches (D:1)
  8 goblins
  2 hobgoblins
  7 jackals
  6 kobolds
  A quokka (D:1)
  5 rats
49 creatures vanquished.

Notes
Turn   | Place    | Note
-------+----------+-------------------------------------------
     0 | D:1      | Hubjo the Demonspawn Transmuter began the quest for the
                  | Orb.
     0 | D:1      | Reached XP level 1. HP: 15/15 MP: 3/3
   156 | D:1      | Gained mutation: You have sharp fingernails. [demonic
                  | ancestry]
   156 | D:1      | Reached XP level 2. HP: 17/21 MP: 3/5
   314 | D:1      | Found a faded altar of an unknown god.
   469 | D:1      | Found Tuorphede's Book Boutique.
  1098 | D:1      | Prayed at the altar of an unknown god.
  1098 | D:1      | Became a worshipper of Cheibriados the Contemplative
  1098 | D:1      | Reached * piety under Cheibriados
  1329 | D:2      | Reached skill level 1 in Stealth
  1329 | D:2      | Gained mutation: Spells you cast may paralyse adjacent
                  | enemies. [demonic ancestry]
  1329 | D:2      | Reached XP level 3. HP: 21/27 MP: 4/6
  1467 | D:2      | Noticed Sigmund
  1479 | D:2      | Killed Sigmund
  1480 | D:2      | Gained mutation: You have very sharp fingernails. [demonic
                  | ancestry]
  1480 | D:2      | Reached XP level 4. HP: 28/35 MP: 0/8
  1480 | D:2      | Reached XP level 5. HP: 32/41 MP: 0/9
  1641 | D:2      | Learned a level 4 spell: Ice Form
  1707 | D:2      | Identified the +3 falchion of the Hurtling Gods {drain,
                  | *Noise rCorr MP+9}
  1905 | D:2      | Noticed Jessica
  1913 | D:2      | Killed Jessica
  3373 | D:3      | Reached ** piety under Cheibriados
  3554 | D:4      | Reached XP level 6. HP: 45/47 MP: 10/10
  3581 | D:4      | Noticed Eustachio
  3603 | D:4      | Slain by Eustachio

Illustrated notes

Levels and vault maps discovered:
D:1:      lemuel_arrival_muddy, layout_rooms, serial_shops, shop,
          nicolae_ecumenical_lake_church
D:2:      layout_loops_ring, serial_bayou_crossing, uniq_sigmund, uniq_jessica
D:3:      layout_basic
D:4:      layout_basic, minmay_pentomino_pile, uniq_eustachio

Skill      XL: |  1  2  3  4  5 |
---------------+----------------+-----
Transmutations | 2 3 |  3.0
Stealth        | 1 2 |  2.1
Fighting       | 3 |  3.3
Unarmed Combat | 3 |  3.4
Dodging        | |  1.7
Spellcasting   | |  2.8
Ice Magic      | |  0.3

Action                   |  1- 3 |  4- 6 || total
-------------------------+-------+-------++-------
Melee: Unarmed           |    55 |    65 ||   120
       Kick              |    12 |     6 ||    18
       Headbutt          |     8 |     8 ||    16
       Punch             |     2 |       ||     2
 Cast: Beastly Appendage |    19 |    13 ||    32
  Use: Scroll            |       |     4 ||     4
       Potion            |       |     1 ||     1
 Stab: Sleeping          |     1 |     3 ||     4
       Paralysed         |     2 |     1 ||     3
Armor: Robe              |    12 |    10 ||    22
Dodge: Dodged            |    35 |    58 ||    93

Table legend: (Time is in decaauts)
 A = Elapsed time spent in this place.
 B = Non-inter-level travel time spent in this place.
 C = Inter-level travel time spent in this place.
 D = Time resting spent in this place.
 E = Time spent auto-exploring this place.
 F = Levels seen in this place.
 G = Mean time per level.
                   A        B        C        D        E       F      G
               +--------+--------+--------+--------+--------+-----+--------+
         Total |   4041 |   3620 |    421 |    704 |   2479 |   4 | 1010.2 |
       Dungeon |   4041 |   3620 |    421 |    704 |   2479 |   4 | 1010.2 |
               +--------+--------+--------+--------+--------+-----+--------+

Top non-repeatable levels by time:
     D:2: 1840 daAuts
     D:1: 1249 daAuts
     D:3: 880 daAuts
     D:4: 71 daAuts
